 Dungeon Crawl Stone Soup version 0.30.0-29-ga12c61a403 (webtiles) character file.

Game seed: 17951930890772376747

3230 101zpm the Thaumaturge (level 10, -28/60 HPs)
             Began as a Djinni Fire Elementalist on June 13, 2023.
             Was a Priest of Elyvilon.
             Killed from afar by an acid dragon (36 damage)
             ... with a splash of acid
             ... on level 7 of the Dungeon.
             The game lasted 00:18:00 (6797 turns).

101zpm the Thaumaturge (Djinni Fire Elementalist)   Turns: 6797, Time: 00:18:01

Health: -28/60     AC:  3    Str:  7    XL:     10   Next: 18%
Gold:   307        EV: 13    Int: 21    God:    Elyvilon [***...] SH:  0 Dex: 14

rFire   + + .        (no weapon)
rCold   x . .        (no shield)
rNeg    . . .        a - +0 robe
rPois   ∞            p - +0 helmet
rElec   .            (no cloak)
rCorr   .            (no gloves)
SInv    .            (boots unavailable)
Will    +....        (no amulet)
Stlth   ++           (no ring)
HPRegen 0.30/turn    (no ring)
MPRegen 0.00/turn

%: infuse magic (-29 HP)
@: flying
A: sickness immunity, fire resistance 2, cold vulnerability 1, float, innate
caster, HP casting, extra vitality 1
a: Renounce Religion, Purification, Heal Other, Heal Self


You were on level 7 of the Dungeon.
You worshipped Elyvilon.
Elyvilon was most pleased with you.
You visited 2 branches of the dungeon, and saw 8 of its levels.

You collected 307 gold pieces.

Inventory:

Armour
 a - a +0 robe (worn)
 p - a +0 helmet (worn)
Jewellery
 A - an amulet of faith
Wands
 m - a wand of mindburst (13)
 w - a wand of roots (13)
 y - a wand of flame (19)
Scrolls
 b - 3 scrolls of blinking
 c - a scroll of fog
 d - a scroll of enchant weapon
 g - 2 scrolls of noise
 h - a scroll of enchant armour {unknown}
 i - a scroll of poison {unknown}
 l - a scroll of torment {unknown}
 n - a scroll of magic mapping {unknown}
 o - 2 scrolls of teleportation
 t - a scroll of summoning {unknown}
 u - a scroll of vulnerability {unknown}
 v - a scroll of amnesia {unknown}
 x - a scroll of fear {unknown}
Potions
 e - a potion of berserk rage {unknown}
 f - 2 potions of mutation {unknown}
 k - 2 potions of attraction {unknown}
 q - a potion of cancellation {unknown}
 r - 2 potions of ambrosia {unknown}
 s - 3 potions of curing {unknown}
 z - a potion of lignification {unknown}


   Skills:
 + Level 0.1 Fighting
 + Level 2.9 Dodging
 + Level 3.0 Stealth
 + Level 10.5 Spellcasting


You knew the following spells:

 Your Spells              Type           Power      Damage    Failure   Level
a - Foxfire               Conj/Fire      100%       2x1d9     1%          1
b - Scorch                Fire           100%       2d9       1%          2
c - Volatile Blastmotes   Fire/Tloc      100%       2d18      1%          3
d - Inner Flame           Hex/Fire       53%        N/A       1%          3
e - Flame Wave            Conj/Fire      53%        2d13      1%          4
f - Beastly Appendage     Tmut           100%       N/A       1%          1
g - Passwall              Tmut/Erth      44%        N/A       1%          2
h - Vhi's Electric Charg  Tloc/Air       100%       N/A       1%          3
i - Cause Fear            Hex            26%        N/A       1%          4
Your spell library was empty.

Dungeon Overview and Level Annotations

Branches:
Dungeon (7/15)             Temple (1/1) D:5

Altars:
Ashenzari
Cheibriados
Elyvilon
Fedhas
Hepliaklqana
Okawaru
Qazlal
Uskayaw
Wu Jian
Xom
Yredelemnul
Zin

Shops:
D:2 ?   D:4 =


Innate Abilities, Weirdness & Mutations

You are immune to sickness and miasma.
You are immune to poison.
Your flesh is very heat resistant. (rF++)
You are vulnerable to cold. (rC-)
You float through the air rather than walking.
You learn spells naturally, not from books.
Your magical power is your life essence.
You have superior vitality. (+4 MHP)


Message History

The iguana is filled with an inner flame.
* * * LOW HITPOINT WARNING * * *
The foxfire hits the iguana.
Flame seeps out of the iguana.
The iguana is almost dead.
The iguana is engulfed in blazing flames.
The iguana explodes!
You start resting.
Your foxfire dissipates! x2
You start resting.
An acid dragon comes into view.
Casting: Inner Flame (safe; 1% risk of failure)
Confirm with . or Enter, or press ? or * to list all spells.
Aiming: Inner Flame (safe; 1% risk of failure)
Press: ? - help, Dir - move target, f - acid dragon
Aim: an acid dragon (wandering, hasn't noticed you, chance to affect: 94%)
The acid dragon is filled with an inner flame.
* * * LOW HITPOINT WARNING * * *
An orc priest comes into view. It is wielding a +0 flail.
Casting: Foxfire (safe; 1% risk of failure)
Press: ? - help, Q - select action, (/) - cycle Dir - look around, f - activate You conjure some foxfire!
* * * LOW HITPOINT WARNING * * *
The orc priest begins to cast a cantrip, but forgets the words!
Casting: Foxfire (safe; 1% risk of failure)
Confirm with . or Enter, or press ? or * to list all spells.
Aiming: Inner Flame (safe; 1% risk of failure)
Press: ? - help, Dir - move target, f - orc priest
Aim: an orc priest, wielding a +0 flail (chance to affect: 94%)
The orc priest is filled with an inner flame.
* * * LOW HITPOINT WARNING * * *
The foxfire hits the acid dragon.
Flame seeps out of the acid dragon.
The acid dragon is moderately wounded.
The foxfire hits the acid dragon!
Flame seeps out of the acid dragon.
The acid dragon is heavily wounded.
The acid dragon is engulfed in blazing flames.
Flame seeps out of the acid dragon.
The acid dragon spits acid at you. The splash of acid hits you!!!
Ouch! That really hurt!
You die...

... ... ###+ ..P~
#...###########
...~≈#.oO#..@).)))..
...~≈#####~§§~~~≈)~~
...~≈≈≈≈≈≈≈§§≈≈)≈≈≈~
...~~~~~≈≈~~§§~≈)~~§
.............))).)o.
########......D)○○.○
#.######..... #.#
..### #.# ..


You could see an acid dragon (inner flame, catching breath) and an orc priest
(inner flame).

Vanquished Creatures
  A two-headed ogre (D:7)
  A water moccasin (D:6)
  3 orc warriors
  A sky beast (D:5)
  2 black bears
  An ice beast (D:6)
  An ogre (D:7)
  A centaur (D:7)
  3 phantoms (D:4)
  3 kobold brigands (D:7)
  A gnoll sergeant (D:7)
  2 scorpions
  5 howler monkeys (D:7)
  7 hounds
  4 orc priests
  3 gnoll boudas
  3 orc wizards
  6 iguanas
  8 gnolls
  9 adders
  2 shadow imps (D:7)
  2 ufetubi
  2 worms
  7 dart slugs
  17 orcs
  4 ball pythons
  6 endoplasms
  2 giant cockroaches
  9 hobgoblins
  4 quokkas
  7 bats
  A frilled lizard (D:1)
  6 goblins
  10 kobolds
  9 rats
153 creatures vanquished.

Vanquished Creatures (others)
  529 foxfires
529 creatures vanquished.

Grand Total: 682 creatures vanquished

Notes
Turn   | Place    | Note
-------+----------+-------------------------------------------
     0 | D:1      | 101zpm the Djinni Fire Elementalist began the quest for the
                  | Orb.
     0 | D:1      | 101zpm set off with the following spells memorised:
                  | Foxfire, Scorch, Volatile Blastmotes, Inner Flame, Flame
                  | Wave.
     0 | D:1      | Reached XP level 1. HP: 15/15 MP: 0/0
   146 | D:1      | Reached XP level 2. HP: 21/21 MP: 0/0
   318 | D:2      | Found a faded altar of an unknown god.
   321 | D:2      | Reached skill level 3 in Spellcasting
   325 | D:2      | Reached XP level 3. HP: 18/25 MP: 0/0
   325 | D:2      | Learned a level 1 spell: Beastly Appendage
   824 | D:4      | Reached XP level 4. HP: 25/31 MP: 0/0
   965 | D:4      | Reached skill level 4 in Spellcasting
   965 | D:4      | Reached XP level 5. HP: 29/35 MP: 0/0
   965 | D:4      | Learned a level 2 spell: Passwall
   967 | D:4      | Noticed a phantom
   968 | D:4      | Noticed a phantom
   970 | D:4      | Killed a phantom
   974 | D:4      | Killed a phantom
   975 | D:4      | Reached XP level 6. HP: 12/40 MP: 0/0
  1083 | D:5      | Entered Level 5 of the Dungeon
  1170 | D:5      | Noticed a sky beast
  1175 | D:5      | Killed a sky beast
  1176 | D:5      | Reached skill level 5 in Spellcasting
  1303 | D:5      | Found a staircase to the Ecumenical Temple.
  1310 | Temple   | Entered the Ecumenical Temple
  1475 | Temple   | Became a worshipper of Elyvilon the Healer
  1620 | D:5      | Reached XP level 7. HP: 41/45 MP: 0/0
  1620 | D:5      | Learned a level 3 spell: Vhi's Electric Charge
  1914 | D:5      | Reached skill level 6 in Spellcasting
  2549 | D:5      | Reached * piety under Elyvilon
  2842 | D:4      | Found a stormy altar of Qazlal.
  2842 | D:4      | Found a hide-covered altar of Uskayaw.
  2865 | D:4      | Reached XP level 8. HP: 42/50 MP: 0/0
  3086 | D:4      | Found Qisoobijug's Jewellery Shoppe.
  3097 | D:4      | Reached skill level 7 in Spellcasting
  3203 | D:4      | Found a blossoming altar of Fedhas.
  3684 | D:3      | Found an iron altar of Okawaru.
  3888 | D:2      | Found a white marble altar of Elyvilon.
  3961 | D:2      | Reached ** piety under Elyvilon
  4376 | D:2      | Found Uliajuhe's Magic Scroll Shoppe.
  5624 | D:6      | Reached skill level 8 in Spellcasting
  5785 | D:6      | Reached *** piety under Elyvilon
  5816 | D:6      | Reached XP level 9. HP: 51/55 MP: 0/0
  5816 | D:6      | Learned a level 4 spell: Cause Fear
  6362 | D:7      | Reached skill level 9 in Spellcasting
  6608 | D:7      | Noticed a two-headed ogre
  6627 | D:7      | Killed a two-headed ogre
  6628 | D:7      | Reached skill level 10 in Spellcasting
  6628 | D:7      | Reached XP level 10. HP: 27/60 MP: 0/0
  6631 | D:7      | Elyvilon protects you from harm!
  6797 | D:7      | Killed from afar by an acid dragon

Illustrated notes

Levels and vault maps discovered:
D:1:      erik_arrival_triangle_small, layout_loops_corners, minmay_surrounded
D:2:      layout_rooms, basic_altar, ebering_ecumenical_altar_ruins,
          serial_shops, shop, kennysheep_generic_room_8
D:3:      layout_basic, okawaru_altar_gauntlet_db, minmay_misc_feat_room
D:4:      layout_loops_ring, chequers_temple_overflow_statue_of_worship,
          grunt_temple_overflow_growth_and_decay, serial_shops, shop
D:5:      layout_loops_corners, minmay_temple_entry_enclosed_plants
D:6:      layout_rooms, serial_corexii_hall, corexii_hall_statues_l,
          chequers_hall_statues_wall_a
D:7:      lemuel_castle_with_subvaults [lemuel_castle_interior_carwin_2],
          layout_basic, mainiacjoe_overflow_catwalk, enter_ossuary_4,
          grunt_ministairs_7, minmay_manual_monolith
Temple:   hellmonk_temple_forest_ring

Skill      XL: |  1  2  3  4  5  6  7  8  9 10 |
---------------+-------------------------------+-----
Spellcasting   | 3 4 5 6 8 10 | 10.5
Stealth        | 2 3 |  3.0
Fighting       | |  0.1
Dodging        | |  2.9

Action                     |  1- 3 |  4- 6 |  7- 9 | 10-12 || total
---------------------------+-------+-------+-------+-------++-------
   Cast: Foxfire           |    52 |    30 |   204 |    28 ||   314
         Scorch            |    14 |    12 |    43 |       ||    69
         Inner Flame       |       |     6 |    91 |    11 ||   108
         Volatile Blastmot |       |       |     4 |       ||     4
    Use: Scroll            |       |       |     5 |       ||     5
  Dodge: Dodged            |       |       |     4 |     2 ||     6
